 Dungeon Crawl Stone Soup version 0.31-a0-986-g5e6e4ef867 (webtiles) character file.

Game seed: 7603841080839484982

49 monsoonserge the Changeling (level 3, -3/23 HPs)
             Began as an Octopode Shapeshifter on Nov 18, 2023.
             Slain by a goblin
             ... wielding a +1 dagger of freezing
              (4 damage)
             ... on level 2 of the Dungeon.
             The game lasted 00:02:09 (629 turns).

monsoonserge the Changeling (Octopode Shapeshifter)  Turns: 629, Time: 00:02:09

Health: -3/23      AC:  1    Str: 15    XL:     3   Next: 75%
Magic:  3/3        EV: 13    Int: 12    God:
Gold:   45         SH:  5    Dex: 11    Spells: 2/2 levels left

rFire   . .          .
                       - Unarmed
rCold   . . .        (no shield)
rNeg    . . .        (helmet currently unavailable)
rPois   .            j - amulet of reflection
rElec   .            l - ring of flight
rCorr   .            (no ring)
SInv    .            (no ring)
Will    .....        (no ring)
Stlth   ++           (no ring)
HPRegen 0.23/turn    (no ring)
MPRegen 0.08/turn    (no ring)
                     (no ring)

%: reflection
@: beast-form, flying
A: beast (slay +2), almost no armour, amphibious, 8 rings, camouflage 1,
gelatinous body 1, (nimble swimmer 1), tentacles
a: Begin Untransformation


You were on level 2 of the Dungeon.
You were a hulking beast.
You visited 1 branch of the dungeon, and saw 2 of its levels.

You collected 45 gold pieces.

Inventory:

Magical Staves
 g - a staff of cold
Jewellery
 j - an amulet of reflection (around mantle)
 l - a ring of flight (left tentacle)
Talismans
 b - a beast talisman
 c - a flux talisman
Scrolls
 d - a scroll of fear {unknown}
 i - a scroll of identify {unknown}
Potions
 a - 2 potions of lignification
 e - a potion of mutation {unknown}
 f - a potion of degeneration {unknown}
 h - a potion of attraction {unknown}
 k - a potion of might {unknown}


   Skills:
 + Level 1.4 Fighting
 + Level 2.1 Dodging
 - Level 1.0 Stealth
 * Level 3.2 Unarmed Combat
 + Level 3.8 Shapeshifting


You had 2 spell levels left.
You didn't know any spells.
Your spell library was empty.

Dungeon Overview and Level Annotations

Branches:
Dungeon (2/15)

Altars:


Innate Abilities, Weirdness & Mutations

You are a hulking beast.
Your limbs bulge with bestial killing power. (Slay +2)
You cannot wear most types of armour.
You are amphibious.
You can wear up to eight rings at the same time.
Your skin changes colour to match your surroundings (Stealth+).
Your rubbery body absorbs attacks. (AC +1, EV +1)
((You are camouflaged when in or above water. (Stealth+)))
You have tentacles for arms and can constrict up to eight enemies at once.


Message History

The endoplasm hits you but does no damage.
The adder closely misses you.
You closely miss the adder. Your grab misses the adder.
Your squeeze misses the adder.
The adder is moderately wounded.
The kobold closely misses you. You block the goblin's attack.
The endoplasm freezes you.
You are frozen.
The adder bites you.
You are too injured to fight recklessly!
You are too injured to fight recklessly!
The kobold misses you. You block the goblin's attack.
The endoplasm barely misses you.
Unknown command.
You tentacle-slap the adder. Your grab misses the adder.
The adder is heavily wounded.
The adder misses you. You block the goblin's attack.
The kobold closely misses you. The endoplasm misses you.
You completely miss the adder. You grab the adder.
The adder is heavily wounded.
You constrict the adder. You block the adder's attack. The goblin misses you.
The kobold hits you with a +0 short sword.
The endoplasm hits you. The adder bites you.
* * * LOW HITPOINT WARNING * * *
Unknown command.
You tentacle-slap the endoplasm.
The endoplasm is almost dead.
You constrict the adder. The rat barely misses you.
You block the goblin's attack. The kobold barely misses you.
The endoplasm barely misses you. The adder bites you.
* * * LOW HITPOINT WARNING * * *
Unknown command.
You tentacle-slap the endoplasm.
You kill the endoplasm!
You constrict the adder.
You kill the adder!
The rat barely misses you. The goblin misses you. The kobold barely misses you.
You miss the goblin. Your grab misses the goblin.
Your squeeze misses the goblin. You block the rat's attack.
The goblin hits you with a +1 dagger of freezing.
You die...

#...### #..... #.#
##..# .#####.# #...#
#.#...#.## #.#.# #...#
... ##.#.# ###...
..### ##.#.#
#...#####...
##.#.####.....#.Kg##
##.#..........#.h..#
##.####.#......r.#.#.#
##.# #.#............#
##.# #.###.####(....#
...# #.# #.# ....?..#
####..... ...
........# #
#.######.###.......#.#
#.# #.# ##.....#.##
#.# #.. ##...#.##


You could see a goblin, a kobold and a rat.

Vanquished Creatures
  2 adders (D:2)
  6 bats
  4 endoplasms
  2 giant cockroaches
  A goblin (D:2)
  2 hobgoblins
  2 jackals (D:1)
  3 ball pythons
  2 frilled lizards
  2 kobolds (D:1)
  3 rats (D:1)
29 creatures vanquished.

Notes
Turn   | Place    | Note
-------+----------+-------------------------------------------
     0 | D:1      | monsoonserge the Octopode Shapeshifter began the quest for
                  | the Orb.
     0 | D:1      | Reached XP level 1. HP: 13/13 MP: 1/1
   159 | D:1      | Reached XP level 2. HP: 17/18 MP: 2/2
   461 | D:2      | Reached skill level 1 in Stealth
   461 | D:2      | Reached XP level 3. HP: 23/23 MP: 3/3
   627 | D:2      | HP: 1/23 [adder (3)]
   629 | D:2      | Slain by a goblin

Illustrated notes

Levels and vault maps discovered:
D:1:      dpeg_arrival_water_temple_mockup, layout_basic, palyth_stone_intersect
D:2:      layout_loops_ring, basic_altar

Skill      XL: |  1  2 |
---------------+-------+-----
Stealth        | 1 |  1.0
Fighting       | |  1.4
Dodging        | |  2.1
Unarmed Combat | |  3.2
Shapeshifting  | |  3.8

Action                     || total
---------------------------++-------
  Melee: Unarmed           ||    55
         Constrict         ||     9
         Tentacles         ||     4
         Punch             ||     1
   Stab: Sleeping          ||     7
 Armour: Skin              ||    22
  Dodge: Dodged            ||    48
  Block: Other             ||     9

Table legend: (Time is in decaauts)
 A = Elapsed time spent in this place.
 B = Non-inter-level travel time spent in this place.
 C = Inter-level travel time spent in this place.
 D = Time resting spent in this place.
 E = Time spent auto-exploring this place.
 F = Levels seen in this place.
 G = Mean time per level.
                   A        B        C        D        E       F      G
               +--------+--------+--------+--------+--------+-----+--------+
         Total |    625 |    606 |     19 |      0 |    325 |   2 |  312.5 |
       Dungeon |    625 |    606 |     19 |      0 |    325 |   2 |  312.5 |
               +--------+--------+--------+--------+--------+-----+--------+

Top non-repeatable levels by time:
     D:1: 454 daAuts
     D:2: 171 daAuts
